 Dungeon Crawl Stone Soup version 0.30-a0-168-g0b976cbdc4 (webtiles) character file.

Game seed: 1376247829690710486

347 qw the Chopper (level 6, -5/39 HPs)
             Began as a Gargoyle Fighter on Sept 29, 2022.
             Was an Initiate of Okawaru.
             Slain by a killer bee (6 damage)
             ... on level 5 of the Dungeon.
             The game lasted 00:01:18 (4168 turns).

qw the Chopper (Gargoyle Fighter)                   Turns: 4168, Time: 00:01:19

Health: -5/39      AC: 19    Str: 21    XL:     6   Next: 59%
Magic:  6/6        EV:  7    Int: 12    God:    Okawaru [......]
Gold:   183        SH:  4    Dex:  8    Spells: 5/5 levels left

rFire   . . .      SeeInvis .    Y - +0 war axe
rCold   . . .      Faith    .    c - +0 buckler
rNeg    + . .      Spirit   .    p - +0 chain mail
rPois   inf        Reflect  .    q - +0 helmet
rElec   +          Harm     .    g - +0 cloak
rCorr   .          Rampage  .    f - +0 pair of gloves
Will    +....                    (no boots)
Stlth   ..........               (no amulet)
HPRegen 0.13/turn                e - ring of willpower
MPRegen 0.10/turn                (no ring)

@: no status effects
A: sickness immunity, AC +4, negative energy resistance 1, electricity
resistance, torment resistance 1, petrification resistance, iridescent scales 1,
clever 1
a: Renounce Religion


You were on level 5 of the Dungeon.
You worshipped Okawaru.
Okawaru was noncommittal.
You visited 1 branch of the dungeon, and saw 5 of its levels.

You collected 183 gold pieces.


Innate Abilities, Weirdness & Mutations

You are immune to sickness and miasma.
Your stone body is resilient. (AC +4)
You are immune to poison.
You resist negative energy. (rN+)
You are resistant to electric shocks. (rElec)
You are resistant to unholy torment.
You are immune to petrification.
You are partially covered in iridescent scales. (AC +2)
Your mind is acute. (Int +4, Str/Dex -1)


   Skills:
 - Level 4.4 Fighting
 + Level 5.7 Axes
 - Level 3.2 Armour
 - Level 3.2 Shields


You had 5 spell levels left.
You didn't know any spells.
Your spell library was empty.

Inventory:

Hand Weapons
 l - a +0 flail
 Y - a +0 war axe (weapon)
Missiles
 o - 4 boomerangs (quivered)
Armour
 c - a +0 buckler (worn)
 f - a +0 pair of gloves (worn)
 g - a +0 cloak (worn)
 p - a +0 chain mail (worn)
 q - a +0 helmet (worn)
Jewellery
 e - a ring of willpower (left hand)
Scrolls
 k - a scroll of identify
Potions
 a - a potion of resistance
 d - a potion of might
 h - 2 potions of mutation
 i - a potion of brilliance {unknown}
 j - 2 potions of attraction
 m - a potion of flight {unknown}
 r - a potion of curing {unknown}

Dungeon Overview and Level Annotations

Branches:
Dungeon (5/15)
 Temple: D:4-7

Altars:
Hepliaklqana
Kikubaaqudgha
Nemelex Xobeh
Okawaru
Sif Muna


Message History

You barely miss the killer bee.
The killer bee is heavily wounded.
You barely miss the killer bee. The killer bee stings you.
The killer bee stings you but does no damage.
The killer bee stings you. The killer bee barely misses you.
You hit the killer bee.
The killer bee is almost dead.
You miss the killer bee. You block the killer bee's attack.
The killer bee stings you but does no damage.
The killer bee barely misses you.
The killer bee stings you but does no damage. x3
You barely miss the killer bee.
The killer bee is severely wounded.
You barely miss the killer bee. The killer bee closely misses you.
The killer bee stings you but does no damage. x3
You closely miss the killer bee.
The killer bee is severely wounded.
You barely miss the killer bee. The killer bee completely misses you.
You block the killer bee's attack.
The killer bee stings you but does no damage.
The killer bee barely misses you. The killer bee stings you.
The killer bee stings you but does no damage.
You closely miss the killer bee.
The killer bee is severely wounded.
You barely miss the killer bee.
The killer bee stings you but does no damage.
You block the killer bee's attack. x2; The killer bee stings you.
The killer bee stings you but does no damage. x2
You slash the killer bee!
You kill the killer bee!
Okawaru accepts your kill.
You miss the killer bee. The killer bee closely misses you.
The killer bee stings you but does no damage.
You miss the killer bee. You slash the killer bee! The killer bee stings you.
You die...

##### #...#
#.#.# #.#.#
#.#.# #.#.#
#.#<# #...#
###@# #5yy.#
....#)...
......#.##..#
..... #.# ###
..... #.#
##.# #.# #.
#..


You could see 2 killer bees and an ufetubus.

Vanquished Creatures
  3 killer bees (D:5)
  A hound (D:4)
  8 adders
  A gnoll (D:1)
  A white imp (D:4)
  2 ufetubi
  A worm (D:3)
  2 dart slugs
  2 orcs (D:3)
  7 ball pythons
  7 bats
  3 bat zombies (D:3)
  5 endoplasms
  4 giant cockroaches
  4 goblins (D:1)
  7 hobgoblins
  5 kobolds
  4 quokkas
  5 frilled lizards
  7 rats
  3 rat zombies (D:3)
82 creatures vanquished.

Notes
Turn   | Place    | Note
-------+----------+-------------------------------------------
     0 | D:1      | qw the Gargoyle Fighter began the quest for the Orb.
     0 | D:1      | Reached XP level 1. HP: 14/14 MP: 1/1
     0 | D:1      | 0 ||| qw: Version: 0.2-a-12-gaebbb33
     0 | D:1      | 0 ||| qw: Game counter: 1159
     0 | D:1      | 0 ||| qw: Always use a shield: true
     0 | D:1      | 0 ||| qw: God list: Okawaru
     0 | D:1      | 0 ||| qw: Allow faded altars: false
     0 | D:1      | 0 ||| qw: Do Orc after D:15 true
     0 | D:1      | 0 ||| qw: Do second Lair branch before Depths: true
     0 | D:1      | 0 ||| qw: Lair rune preference: random
     0 | D:1      | 0 ||| qw: Plans: Normal, Zot:1-4, God:TSO, Crypt, Tomb,
                  | Pan, Slime:5, Hells, Abyss, Orb
     0 | D:1      | 0 ||| PLANNING D:1-11
    41 | D:1      | 41 ||| Stepping ~*~*~tactically~*~*~ (stealth).
    44 | D:1      | Found a faded altar of an unknown god.
    46 | D:1      | 46 ||| Stepping ~*~*~tactically~*~*~ (stealth).
    52 | D:1      | Reached skill level 2 in Axes
    89 | D:1      | Reached XP level 2. HP: 12/19 MP: 2/2
   216 | D:1      | 216 ||| Stepping ~*~*~tactically~*~*~ (stealth).
   218 | D:1      | 218 ||| Stepping ~*~*~tactically~*~*~ (stealth).
   270 | D:1      | Reached skill level 3 in Axes
   381 | D:1      | Reached XP level 3. HP: 23/23 MP: 3/3
  1220 | D:1      | 1220 ||| UPGRADING to +0 pair of gloves.
  1225 | D:1      | 1225 ||| UPGRADING to ring of willpower.
  1226 | D:1      | 1226 ||| READING scroll labelled GESOILLO TAINN.
  1227 | D:1      | 1227 ||| DRINKING 2 emerald potions.
  1228 | D:1      | 1228 ||| DROPPING potion of invisibility.
  1295 | D:2      | 1295 ||| Stepping ~*~*~tactically~*~*~ (stealth).
  1744 | D:2      | Reached XP level 4. HP: 28/28 MP: 4/4
  1996 | D:2      | 1996 ||| READING scroll labelled VOETYMO FAORI.
  1997 | D:2      | 1997 ||| READING 2 scrolls labelled VINLOI WEKOCKA.
  1998 | D:2      | 1998 ||| READING scroll labelled VYSAIHEU WUONE.
  2002 | D:2      | 2002 ||| DRINKING 2 sedimented pink potions.
  2002 | D:2      | Gained mutation: Your mind is acute. (Int +4, Str/Dex -1)
                  | [potion of mutation]
  2002 | D:2      | Gained mutation: You are partially covered in iridescent
                  | scales. (AC +2) [potion of mutation]
  2003 | D:2      | 2003 ||| DRINKING 2 bubbling brown potions.
  2047 | D:3      | 2047 ||| DROPPING +0 whip.
  2088 | D:3      | Reached skill level 4 in Axes
  2089 | D:3      | 2089 ||| FLEEEEING.
  2090 | D:3      | 2090 ||| FLEEEEING.
  2091 | D:3      | 2091 ||| FLEEEEING.
  2092 | D:3      | 2092 ||| FLEEEEING.
  2378 | D:3      | 2378 ||| Stepping ~*~*~tactically~*~*~ (stealth).
  2470 | D:3      | 2470 ||| Stepping ~*~*~tactically~*~*~ (stealth).
  2636 | D:3      | Reached XP level 5. HP: 32/32 MP: 5/5
  2783 | D:3      | Found an ancient bone altar of Kikubaaqudgha.
  2900 | D:3      | Found an iron altar of Okawaru.
  2901 | D:3      | 2901 ||| PLANNING OKAWARU WORSHIP
  2901 | D:3      | 2901 ||| UPGRADING to +0 cloak.
  2906 | D:3      | 2906 ||| UPGRADING to +0 chain mail.
  2916 | D:3      | 2916 ||| DROPPING +0 scale mail.
  2917 | D:3      | 2917 ||| UPGRADING to +0 helmet.
  2922 | D:3      | 2922 ||| READING scroll labelled MIYZXAMASU.
  2930 | D:3      | Became a worshipper of Warmaster Okawaru
  2931 | D:3      | 2931 ||| PLANNING D:1-11
  3100 | D:4      | 3100 ||| Stepping ~*~*~tactically~*~*~ (stealth).
  3116 | D:4      | 3116 ||| Stepping ~*~*~tactically~*~*~ (hiding).
  3281 | D:4      | Reached skill level 5 in Axes
  3398 | D:4      | Found a sparkling altar of Nemelex Xobeh.
  3482 | D:4      | 3482 ||| Stepping ~*~*~tactically~*~*~ (stealth).
  3484 | D:4      | 3484 ||| Stepping ~*~*~tactically~*~*~ (hiding).
  3487 | D:4      | 3487 ||| Stepping ~*~*~tactically~*~*~ (hiding).
  3632 | D:4      | Found a shimmering blue altar of Sif Muna.
  3642 | D:4      | Found a hazy altar of Hepliaklqana.
  3767 | D:4      | 3767 ||| READING scroll labelled DIRUEDAHUI.
  3817 | D:4      | 3817 ||| READING 2 scrolls of identify.
  3817 | D:4      | 3817 ||| IDENTIFYING viscous grey potion
  3856 | D:5      | Entered Level 5 of the Dungeon
  3856 | D:5      | Noticed an ogre
  3859 | D:5      | 3859 ||| STAIRDANCE
  3862 | D:4      | HP: 3/33 [ogre/+0 giant spiked club (30)]
  3863 | D:4      | 3863 ||| READING scroll of teleportation.
  4155 | D:5      | Reached XP level 6. HP: 31/39 MP: 6/6
  4162 | D:5      | HP: 5/39 [killer bee (6)]
  4165 | D:5      | HP: 2/39 [killer bee (4)]
  4168 | D:5      | Slain by a killer bee

Levels and vault maps discovered:
D:1:      psy_arrival_basics, layout_basic, serial_corexii_hall,
          corexii_hall_statues_l, chequers_hall_statues_y,
          hellmonk_ecumenical_altar_arch_garden
D:2:      minmay_angry_zag, layout_loops_ring
D:3:      layout_loops_ring, lemuel_zombie_altar_kikubaaqudgha,
          mainiacjoe_overflow_tiny_flanked
D:4:      layout_basic, overflow_temple_1_default, mainiacjoe_overflow_big_doors
D:5:      layout_basic, good_gods_mini_temple,
          nicolae_wu_jian_immortal_techniques

Skill      XL: |  1  2  3  4  5 |
---------------+----------------+-----
Axes           | 2 3 4 5 |  5.7
Fighting       | 4 |  4.4
Armour         | |  3.2
Shields        | |  3.2

Action                   |  1- 3 |  4- 6 || total
-------------------------+-------+-------++-------
Melee: War axe           |   127 |   161 ||   288
Throw: Boomerang         |       |    26 ||    26
  Use: Scroll            |     1 |     7 ||     8
       Potion            |     1 |     2 ||     3
Armor: Scale mail        |    74 |    74 ||   148
       Chain mail        |       |    77 ||    77
Dodge: Dodged            |    58 |    97 ||   155
Block: Buckler           |    31 |    44 ||    75

Table legend:
 A = Non-vault XP
 B = Vault XP
 C = Vault XP percentage of total XP
 D = Non-vault monster count
 E = Vault monster count
 F = Vault count percentage of total count
                 A         B        C        D         E       F
            +---------+---------+-------+---------+---------+-------
      Total |     479 |      18 |   3.6 |      71 |      11 |  13.4
            +---------+---------+-------+---------+---------+-------
        D:1 |      65 |       0 |   0.0 |      30 |       0 |   0.0
        D:2 |      21 |       9 |  30.0 |       6 |       5 |  45.5
        D:3 |      98 |       9 |   8.4 |      22 |       6 |  21.4
        D:4 |      99 |       0 |   0.0 |       9 |       0 |   0.0
        D:5 |     196 |       0 |   0.0 |       4 |       0 |   0.0
            +---------+---------+-------+---------+---------+-------
